 Dungeon Crawl Stone Soup version 0.31-a0-5-g84e6b3452c (webtiles) character file.

Game seed: 12828034935395658123

911 Conn the Magician (level 8, -1/47 HPs)
             Began as an Octopode Fire Elementalist on May 5, 2023.
             Slain by Pikel
             ... wielding a +2 whip of flaming
              (4 damage)
             ... on level 6 of the Dungeon.
             The game lasted 00:08:13 (5254 turns).

Conn the Magician (Octopode Fire Elementalist)      Turns: 5254, Time: 00:08:15

Health: -1/47      AC:  1    Str: 13    XL:     8   Next: 8%
Magic:  9/17       EV: 14    Int: 20    God:
Gold:   222        SH:  0    Dex: 18    Spells: 13/19 levels left

rFire   . . .        n - staff of poison
rCold   . . .        (no shield)
rNeg    . . .        (helmet restricted)
rPois   +            (no amulet)
rElec   .            i - ring of poison resistance
rCorr   .            g - +6 ring of dexterity
SInv    .            m - +6 ring of strength
Will    .....        (no ring)
Stlth   ++++         (no ring)
HPRegen 0.27/turn    (no ring)
MPRegen 0.15/turn    (no ring)
                     (no ring)

%: no passive effects
@: mighty
A: almost no armour, amphibious, 8 rings, camouflage 1, gelatinous body 1,
(nimble swimmer 1), tentacles
a: no special abilities


You were on level 6 of the Dungeon.
You visited 1 branch of the dungeon, and saw 6 of its levels.

You collected 222 gold pieces.

Inventory:

Hand Weapons
 c - a +0 dagger
Missiles
 l - 4 poisoned darts
Magical Staves
 n - a staff of poison (weapon)
Jewellery
 g - a +6 ring of dexterity (right tentacle)
 i - a ring of poison resistance (left tentacle)
 m - a +6 ring of strength (on tentacle)
Wands
 y - a wand of paralysis (6)
Scrolls
 b - 3 scrolls of poison {unknown}
 d - a scroll of torment {unknown}
 h - 9 scrolls of identify {unknown}
 k - a scroll of magic mapping {unknown}
 s - a scroll of blinking {unknown}
 u - a scroll of noise {unknown}
 v - 2 scrolls of teleportation {unknown}
 x - 3 scrolls of acquirement {unknown}
 z - 2 scrolls of fear {unknown}
Potions
 a - a potion of magic
 e - 3 potions of curing
 f - 2 potions of might
 j - a potion of flight {unknown}
 o - a potion of invisibility {unknown}
 p - a potion of berserk rage {unknown}
 q - a potion of heal wounds {unknown}
 r - a potion of haste {unknown}
 t - a potion of lignification {unknown}
 w - a potion of degeneration {unknown}


   Skills:
 + Level 0.7 Fighting
 + Level 0.1 Short Blades
 + Level 0.1 Staves
 + Level 2.4 Dodging
 + Level 4.0 Stealth
 * Level 6.0 Spellcasting
 * Level 3.5 Conjurations
 + Level 5.3 Fire Magic


You had 13 spell levels left.
You knew the following spells:

 Your Spells              Type           Power      Damage    Failure   Level
a - Foxfire               Conj/Fire      92%        2x1d8     1%          1
b - Scorch                Fire           54%        2d7       1%          2
c - Inner Flame           Hex/Fire       16%        N/A       11%         3

Your spell library contained the following spells:

 Spells                   Type           Power      Damage    Failure   Level
 Volatile Blastmotes      Fire/Tloc      32%        2d12      11%         3
 Flame Wave               Conj/Fire      23%        2d8       17%         4
 Alistair's Intoxication  Tmut/Pois      6%         N/A       96%         5
 Borgnjor's Vile Clutch   Necr/Erth      3%         N/A       96%         5
 Conjure Ball Lightning   Conj/Air       6%         3x3d6     100%        6
 Eringya's Noxious Bog    Tmut/Pois      4%         N/A       100%        6
 Discord                  Hex            3%         N/A       100%        8
 Disjunction              Tloc           3%         N/A       100%        8


Dungeon Overview and Level Annotations

Branches:
Dungeon (6/15)
 Temple: D:4-7

Altars:
Cheibriados
Hepliaklqana
Uskayaw
Vehumet
Zin
The Shining One

Shops:
D:2 (

Annotations:
D:6 Pikel


Innate Abilities, Weirdness & Mutations

You cannot wear most types of armour.
You are amphibious.
You can wear up to eight rings at the same time.
Your skin changes colour to match your surroundings (Stealth+).
Your rubbery body absorbs attacks. (AC +1, EV +1)
((You are camouflaged when in or above water. (Stealth+)))
You have tentacles for arms and can constrict up to eight enemies at once.


Message History

The foxfire hits Pikel but does no damage.
Pikel is moderately wounded.
Unknown command.
Casting: Foxfire (safe; 1% risk of failure)
Confirm with . or Enter, or press ? or * to list all spells.
You conjure some foxfire!
Pikel closely misses you.
Your foxfire dissipates!
Pikel attacks as you move away!
Pikel hits you with a +2 whip of flaming!
* * * LOW HITPOINT WARNING * * *
Pikel burns you.
* * * LOW HITPOINT WARNING * * *
The foxfire hits Pikel.
Flame seeps out of Pikel.
Pikel is heavily wounded.
Pikel is engulfed in blazing flames.
Flame seeps out of Pikel.
You feel better.
Pikel hits you with a +2 whip of flaming.
Pikel burns you.
It was a potion of might.
You feel very mighty all of a sudden.
Pikel hits you with a +2 whip of flaming.
* * * LOW HITPOINT WARNING * * *
Pikel burns you.
* * * LOW HITPOINT WARNING * * *
Okay, then.
Pikel attacks as you move away! Pikel closely misses you.
Okay, then.
Casting: Foxfire (safe; 1% risk of failure)
Confirm with . or Enter, or press ? or * to list all spells.
You conjure some foxfire!
Pikel misses you.
Your foxfire dissipates!
The foxfire hits Pikel but does no damage.
Pikel is severely wounded.
Casting: Foxfire (safe; 1% risk of failure)
Confirm with . or Enter, or press ? or * to list all spells.
You conjure some foxfire!
Pikel hits you with a +2 whip of flaming!
* * * LOW HITPOINT WARNING * * *
Pikel burns you.
You die...

###.....### #.# .#
####...###.>.###.# .#
##....### ###.....####.#..
#..#### ##............#
#.## #..####...#..# ##.#
#.## #.###..
#######..##########.##....#
........###....K§v.....####
......<.....####@[.####
...########## #.v### ..
#..## ##. ##


You could see Pikel (inner flame, ally target).

Vanquished Creatures
  Prince Ribbit (D:5)
  Edmund (D:5)
  2 water moccasins (D:6)
  An ice beast (D:6)
  A lemure (D:5)
  2 jellies
  An orc priest (D:4)
  An iguana (D:5)
  2 orc wizards
  3 adders
  A shadow imp (D:6)
  An ufetubus (D:6)
  2 worms
  2 dart slugs (D:1)
  13 orcs
  6 endoplasms
  A giant cockroach (D:1)
  5 goblins
  3 hobgoblins
  4 jackals
  7 kobolds
  5 quokkas
  5 ball pythons
  2 bats (D:2)
  3 frilled lizards
  4 rats
79 creatures vanquished.

Vanquished Creatures (collateral kills)
  3 foxfires (D:4)
3 creatures vanquished.

Vanquished Creatures (others)
  275 foxfires
  11 plants (D:4)
286 creatures vanquished.

Grand Total: 368 creatures vanquished

Notes
Turn   | Place    | Note
-------+----------+-------------------------------------------
     0 | D:1      | Conn the Octopode Fire Elementalist began the quest for the
                  | Orb.
     0 | D:1      | Reached XP level 1. HP: 11/11 MP: 3/3
   247 | D:1      | Reached XP level 2. HP: 17/17 MP: 0/5
  1120 | D:2      | Learned a level 2 spell: Scorch
  1146 | D:2      | Found Uvegg's Weapon Shoppe.
  1151 | D:2      | Reached XP level 3. HP: 21/21 MP: 0/6
  2146 | D:3      | Found a hide-covered altar of Uskayaw.
  2437 | D:3      | Found a glowing golden altar of the Shining One.
  2602 | D:3      | Found a radiant altar of Vehumet.
  2726 | D:3      | Reached XP level 4. HP: 27/27 MP: 4/7
  3051 | D:4      | Found a snail-covered altar of Cheibriados.
  3107 | D:4      | Learned a level 3 spell: Inner Flame
  3775 | D:4      | Reached skill level 3 in Spellcasting
  3775 | D:4      | Reached XP level 5. HP: 31/31 MP: 1/9
  3974 | D:4      | Found a glowing silver altar of Zin.
  4106 | D:4      | Found a hazy altar of Hepliaklqana.
  4437 | D:5      | Entered Level 5 of the Dungeon
  4629 | D:5      | Noticed Prince Ribbit
  4640 | D:5      | Killed Prince Ribbit
  4641 | D:5      | Reached skill level 4 in Spellcasting
  4641 | D:5      | Reached XP level 6. HP: 16/37 MP: 0/12
  4759 | D:5      | Noticed Edmund
  4774 | D:5      | Noticed Pikel
  4778 | D:5      | Noticed an orc warrior
  4780 | D:5      | Killed Edmund
  4781 | D:5      | Reached XP level 7. HP: 42/42 MP: 2/14
  4821 | D:6      | Reached skill level 5 in Spellcasting
  4831 | D:6      | Reached skill level 5 in Fire Magic
  5027 | D:6      | Reached XP level 8. HP: 47/47 MP: 7/16
  5048 | D:6      | Reached skill level 6 in Spellcasting
  5190 | D:6      | Found the +7 Kryia's mail coat {PotionHeal*2 rC+}
  5254 | D:6      | Slain by Pikel

Illustrated notes

Levels and vault maps discovered:
D:1:      minmay_arrival_five_plusses, layout_loops_corners
D:2:      layout_basic, serial_shops, shop, kennysheep_path_1
D:3:      layout_loops_cross, mainiacjoe_overflow_alcove_4,
          mainiacjoe_overflow_24_doors, mainiacjoe_overflow_tiny_flanked,
          lightli_corner_chamber
D:4:      layout_basic, nicolae_hepliaklqana_hazy_memory, zin_academy,
          mainiacjoe_overflow_catwalk
D:5:      lemuel_ice_spiral_2, layout_basic, mrwooster_statue_mirror,
          uniq_pikel, uniq_crazy_yiuf_cottage, uniq_prince_ribbit1, uniq_edmund
D:6:      layout_rooms

Skill      XL: |  1  2  3  4  5  6  7  8 |
---------------+-------------------------+-----
Stealth        | 3 4 |  4.0
Spellcasting   | 3 4 5 6 |  6.0
Fire Magic     | 4 5 |  5.3
Conjurations   | 2 3 |  3.5
Fighting       | |  0.7
Short Blades   | |  0.1
Staves         | |  0.1
Dodging        | |  2.4

Action                     |  1- 3 |  4- 6 |  7- 9 || total
---------------------------+-------+-------+-------++-------
  Melee: Dagger            |    20 |       |       ||    20
         Constrict         |     4 |     4 |     4 ||    12
         Tentacles         |     2 |     2 |     3 ||     7
         Staff             |     4 |    17 |    15 ||    36
         Punch             |       |     2 |       ||     2
   Cast: Foxfire           |    65 |    78 |    18 ||   161
         Scorch            |     3 |     9 |     9 ||    21
         Inner Flame       |       |     1 |     1 ||     2
    Use: Potion            |       |     1 |     2 ||     3
   Stab: Sleeping          |     2 |     2 |     2 ||     6
 Armour: Skin              |     5 |     1 |     2 ||     8
  Dodge: Dodged            |    24 |    14 |    32 ||    70

Table legend: (Time is in decaauts)
 A = Elapsed time spent in this place.
 B = Non-inter-level travel time spent in this place.
 C = Inter-level travel time spent in this place.
 D = Time resting spent in this place.
 E = Time spent auto-exploring this place.
 F = Levels seen in this place.
 G = Mean time per level.
                   A        B        C        D        E       F      G
               +--------+--------+--------+--------+--------+-----+--------+
         Total |   5260 |   5165 |     95 |    198 |   3985 |   6 |  876.7 |
       Dungeon |   5260 |   5165 |     95 |    198 |   3985 |   6 |  876.7 |
               +--------+--------+--------+--------+--------+-----+--------+

Top non-repeatable levels by time:
     D:3: 1190 daAuts
     D:4: 1162 daAuts
     D:1: 1114 daAuts
     D:2: 972 daAuts
     D:6: 438 daAuts
     D:5: 381 daAuts
